 Dungeon Crawl Stone Soup version 0.27-a0-216-g1fbed8a51c (webtiles) character file.

Game seed: 5606275210529791195

310 knot the Chopper (level 6, 55/70 HPs)
             Began as a Demonspawn Berserker on Feb 1, 2021.
             Was a Believer of Trog.
             Quit the game on level 4 of the Dungeon.
             The game lasted 00:04:02 (3637 turns).

knot the Chopper (Demonspawn Berserker)             Turns: 3637, Time: 00:04:02

Health: 55/70      AC:  5    Str: 17    XL:     6   Next: 18%
Magic:  4/6        EV: 11    Int: 11    God:    Trog [**....]
Gold:   191        SH:  0    Dex:  8    Spells: 5/5 levels left

rFire    . . .     SeeInvis .   a - +0 hand axe
rCold    . . .     Faith    .   (no shield)
rNeg     . . .     Spirit   +   k - +0 ring mail
rPois    .         Reflect  .   (helmet restricted)
rElec    .         Harm     .   (no cloak)
rCorr    .         Rampage  .   (no gloves)
Will     +....                  (no boots)
Stlth    ..........             (no amulet)
HPRegen  0.21/turn              n - -4 ring of dexterity (curse)
MPRegen  0.20/turn              o - ring of willpower

@: berserking (expiring), very quick
A: antennae 1, demonic guardian 1, magic shield, magic regeneration
a: Renounce Religion, Berserk, Trog's Hand


You were on level 4 of the Dungeon.
You worshipped Trog.
Trog was pleased with you.
You visited 1 branch of the dungeon, and saw 5 of its levels.

You collected 191 gold pieces.

Inventory:

Hand Weapons
 a - a +0 hand axe (weapon)
Missiles
 e - 80 stones (quivered)
Armour
 b - a +0 animal skin
 k - a +0 ring mail (worn)
Jewellery
 n - a cursed -4 ring of dexterity (left hand)
 o - a ring of willpower (right hand)
Wands
 q - a wand of random effects (24)
Scrolls
 d - 2 scrolls of identify {unknown}
 f - 2 scrolls of fear {unknown}
 h - a scroll of enchant armour {unknown}
 j - 4 scrolls of remove curse {unknown}
 p - 2 scrolls of immolation {unknown}
Potions
 c - a potion of attraction {unknown}
 g - 3 potions of haste {unknown}
 i - a potion of mutation {unknown}
 l - a potion of invisibility {unknown}
 m - a potion of brilliance {unknown}
 r - a potion of might {unknown}


   Skills:
 - Level 3.0 Fighting
 + Level 6.4 Axes
 - Level 1.7 Armour
 - Level 1.7 Dodging


You had 5 spell levels left.
You didn't know any spells.
Your spell library was empty.

Dungeon Overview and Level Annotations

Branches:
Dungeon (5/15)
 Temple: D:4-7

Altars:
Okawaru

Shops:
D:4 =


Innate Abilities, Weirdness & Mutations

You have a pair of small antennae on your head.
A weak demonic guardian rushes to your aid.
When hurt, damage is shared between your health and your magic reserves.
You regenerate magic rapidly.


Message History

The phantom closely misses you.
You slash the phantom!
The phantom is severely damaged.
The phantom hits you.
You hit the phantom.
The phantom is severely damaged.
The phantom hits you.
You hit the phantom.
The phantom is almost destroyed.
You slash the phantom!
You destroy the phantom!
Trog accepts your kill.
Your Axes skill increases to level 6!
You have reached level 6!
Your experience leads to an increase in your attributes!
Your base attributes are Str 17, Int 10, Dex 12.
Increase (S)trength, (I)ntelligence, or (D)exterity?
You feel clever.
Your demonic ancestry asserts itself...
You feel the presence of a demonic guardian.
Are you sure you want to abandon this character and quit the game? (Confirm with "yes".)

.......#.##)>†.#
########.##.†..# #(##....#
##'##....# #........#
#.......#### #.......'..#
#.....).##.# ##########@#
################'####
.........#..........#
.........#..........#
.........#..........#
##.......#..........#
##.......#..........#######.
###......#......∩..#........
###......#.#####.#.#.#######


There were no monsters in sight!

Vanquished Creatures
  A phantom (D:4)
  Natasha (thrice) (D:2)
  A worker ant (D:4)
  4 adders
  3 oozes
  3 dart slugs
  2 leopard geckos
  An orc (D:2)
  5 giant cockroaches
  7 goblins
  7 hobgoblins
  3 jackals
  10 kobolds
  9 bats
  4 frilled lizards (D:2)
  3 rats
66 creatures vanquished.

Notes
Turn   | Place    | Note
-------+----------+-------------------------------------------
     0 | D:1      | knot the Demonspawn Berserker began the quest for the Orb.
     0 | D:1      | Reached XP level 1. HP: 18/18 MP: 1/1
    31 | D:1      | Reached skill level 3 in Axes
   297 | D:1      | Gained mutation: You regenerate magic rapidly. [demonic
                  | ancestry]
   297 | D:1      | Reached XP level 2. HP: 18/24 MP: 2/2
   611 | D:1      | Reached XP level 3. HP: 20/29 MP: 3/3
   863 | D:1      | Reached ** piety under Trog
  1204 | D:2      | Reached skill level 4 in Axes
  2109 | D:2      | Gained mutation: When hurt, damage is shared between your
                  | health and your magic reserves. [demonic ancestry]
  2109 | D:2      | Reached XP level 4. HP: 35/35 MP: 4/4
  2446 | D:2      | Noticed Natasha
  2452 | D:2      | Killed Natasha
  2572 | D:2      | Noticed Natasha
  2589 | D:2      | Killed Natasha
  2590 | D:2      | Reached skill level 5 in Axes
  2669 | D:2      | Noticed Natasha
  2677 | D:2      | Killed Natasha
  2678 | D:2      | Gained mutation: You have a pair of small antennae on your
                  | head. [demonic ancestry]
  2678 | D:2      | Reached XP level 5. HP: 41/41 MP: 5/5
  3091 | D:3      | Found an iron altar of Okawaru.
  3207 | D:3      | You fall into a shaft and drop 2 floors!
  3207 | D:5      | Entered Level 5 of the Dungeon
  3208 | D:5      | Noticed an ice beast
  3227 | D:4      | Noticed a phantom
  3248 | D:4      | Found Umaliwul's Jewellery Emporium.
  3636 | D:4      | Killed a phantom
  3637 | D:4      | Reached skill level 6 in Axes
  3637 | D:4      | Gained mutation: A weak demonic guardian rushes to your
                  | aid. [demonic ancestry]
  3637 | D:4      | Reached XP level 6. HP: 47/47 MP: 4/6
  3637 | D:4      | Quit the game

Illustrated notes

Levels and vault maps discovered:
D:1:      amcnicky_arrival_choice, layout_rooms, chequers_serial_rivers_small_a,
          minmay_tripent
D:2:      layout_rooms, serial_corexii_hall, corexii_hall_statues_x,
          corexii_hall_statues_deadend, chequers_hall_statues_y,
          corexii_hall_statues_i, uniq_natasha
D:3:      layout_loops_cross, okawaru_metal_pillars_3,
          gammafunk_temple_overflow_wave, trog_hazing_becter
D:4:      layout_basic, minmay_shop_enchanted_jewellery
D:5:      layout_cave_pools, slow_altar_2, makhleb_altar_promises_db,
          kennysheep_little_box, serial_shops, shop

Skill      XL: |  1  2  3  4  5 |
---------------+----------------+-----
Axes           | 3 4 5 6 |  6.4
Fighting       | |  3.0
Armour         | |  1.7
Dodging        | |  1.7

Action                   |  1- 3 |  4- 6 || total
-------------------------+-------+-------++-------
Melee: Hand axe          |   105 |    78 ||   183
Throw: Stone             |       |     4 ||     4
Invok: Berserk           |     7 |     8 ||    15
       Trog's Hand       |       |     3 ||     3
 Stab: Sleeping          |     1 |       ||     1
Armor: Animal skin       |    22 |       ||    22
       Ring mail         |     2 |    23 ||    25
Dodge: Dodged            |    70 |    44 ||   114

Table legend: (Time is in decaauts)
 A = Elapsed time spent in this place.
 B = Non-inter-level travel time spent in this place.
 C = Inter-level travel time spent in this place.
 D = Time resting spent in this place.
 E = Time spent auto-exploring this place.
 F = Levels seen in this place.
 G = Mean time per level.
                   A        B        C        D        E       F      G
               +--------+--------+--------+--------+--------+-----+--------+
         Total |   3790 |   3721 |     69 |   2088 |   1178 |   5 |  758.0 |
       Dungeon |   3790 |   3721 |     69 |   2088 |   1178 |   5 |  758.0 |
               +--------+--------+--------+--------+--------+-----+--------+

Top non-repeatable levels by time:
     D:2: 2034 daAuts
     D:1: 1249 daAuts
     D:4: 448 daAuts
     D:3: 55 daAuts
     D:5: 2 daAuts
